 Dungeon Crawl Stone Soup version 0.30-a0-528-g8c47a4955b (webtiles) character file.

Game seed: 6866426412925822158

172 PyroL the Changer (level 5, -4/31 (33) HPs)
             Began as an Octopode Transmuter on Dec 23, 2022.
             Slain by Crazy Yiuf
             ... wielding a +2 quarterstaff of chaos
              (14 damage)
             ... on level 2 of the Dungeon.
             The game lasted 00:04:55 (2324 turns).

PyroL the Changer (Octopode Transmuter)             Turns: 2324, Time: 00:04:56

HP:   -4/31 (33)    AC:  1    Str:  9    XL:     5   Next: 52%
MP:   0/8           EV: 13    Int: 18    God:
Gold: 103           SH:  0    Dex: 12    Spells: 2/8 levels left

rFire   . . .      SeeInvis .    d - +1 short sword (protect)
rCold   . . .      Faith    .    (no shield)
rNeg    . . .      Spirit   .    (helmet restricted)
rPois   .          Reflect  .    (no amulet)
rElec   .          Harm     .    (no ring)
rCorr   .          Rampage  .    (no ring)
Will    .....                    (no ring)
Stlth   ++                       (no ring)
HPRegen 0.25/turn                (no ring)
MPRegen 0.11/turn                (no ring)
                                 (no ring)
                                 (no ring)

@: very slightly contaminated, drained
A: almost no armour, amphibious, 8 rings, camouflage 1, gelatinous body 1,
(nimble swimmer 1), tentacles
a: no special abilities


You were on level 2 of the Dungeon.
You visited 1 branch of the dungeon, and saw 3 of its levels.

You collected 103 gold pieces.

Inventory:

Hand Weapons
 d - a +1 short sword of protection (weapon)
Missiles
 e - 4 javelins
 f - 3 poisoned darts
Wands
 j - a wand of digging (5)
Scrolls
 g - a scroll of magic mapping {unknown}
 h - a scroll of amnesia {unknown}
 i - a scroll of teleportation {unknown}
 k - 3 scrolls of identify {unknown}
 l - a scroll of fear {unknown}
Potions
 a - a potion of lignification
 b - 2 potions of invisibility {unknown}
 c - 2 potions of flight {unknown}
 m - 2 potions of heal wounds {unknown}


   Skills:
 - Level 1.0 Fighting
 - Level 2.0 Dodging
 + Level 3.2 Unarmed Combat
 - Level 2.0 Spellcasting
 + Level 4.6 Transmutations
 - Level 3.0 Poison Magic


You had 2 spell levels left.
You knew the following spells:

 Your Spells              Type           Power      Damage    Failure   Level
a - Beastly Appendage     Tmut           36%        N/A       2%          1
b - Wereblood             Tmut           18%        N/A       4%          2
c - Spider Form           Tmut/Pois      15%        N/A       11%         3

Your spell library contained the following spells:

 Spells                   Type           Power      Damage    Failure   Level
 Gell's Gravitas          Tloc           1%         N/A       47%         3
 Lesser Beckoning         Tloc           2%         N/A       47%         3
 Portal Projectile        Hex/Tloc       2%         N/A       47%         3
 Teleport Other           Tloc           1%         N/A       47%         3
 Tukima's Dance           Hex            1%         N/A       47%         3
 Ice Form                 Ice/Tmut       10%        N/A       56%         4
 Blade Hands              Tmut           9%         N/A       58%         5
 Alistair's Intoxication  Tmut/Pois      10%        N/A       71%         5
 Borgnjor's Vile Clutch   Necr/Erth      0%         N/A       99%         5
 Eringya's Noxious Bog    Tmut/Pois      7%         N/A       99%         6


Dungeon Overview and Level Annotations

Branches:
Dungeon (3/15)

Altars:

Annotations:
D:2 Crazy Yiuf
D:3 2 transporters, themarg's ghost, amateur DrTm


Innate Abilities, Weirdness & Mutations

You cannot wear most types of armour.
You are amphibious.
You can wear up to eight rings at the same time.
Your skin changes colour to match your surroundings (Stealth+).
Your rubbery body absorbs attacks. (AC +1, EV +1)
((You are camouflaged when in or above water. (Stealth+)))
You have tentacles for arms and can constrict up to eight enemies at once.


Message History

Your +1 short sword of protection goes still.
You open the door. You hit Crazy Yiuf.
Crazy Yiuf is poisoned.
Crazy Yiuf is moderately wounded.
Crazy Yiuf grits, "Snower leg light!"
Crazy Yiuf barely misses you.
You hit Crazy Yiuf.
Crazy Yiuf is moderately wounded.
Crazy Yiuf hits you with a +2 quarterstaff of chaos!
You barely miss Crazy Yiuf.
Crazy Yiuf is moderately wounded.
You hit Crazy Yiuf but do no damage.
Crazy Yiuf is moderately wounded.
Crazy Yiuf hits you with a +2 quarterstaff of chaos!
Crazy Yiuf burns you.
* * * LOW HITPOINT WARNING * * *
Your transformation is almost over.
Your magical contamination has completely faded away.
Crazy Yiuf whimpers, "Tonal!"
Crazy Yiuf attacks as you move away!
Crazy Yiuf hits you with a +2 quarterstaff of chaos.
* * * LOW HITPOINT WARNING * * *
You feel drained.
* * * LOW HITPOINT WARNING * * *
Crazy Yiuf looks more healthy.
You hit Crazy Yiuf.
Crazy Yiuf is almost dead.
Your transformation has ended.
Your +1 short sword of protection unmelds from your body.
Your +1 short sword of protection hums with potential!
Crazy Yiuf closely misses you.
Casting: Spider Form (quite dangerous; 11% risk of failure)
Confirm with . or Enter, or press ? or * to list all spells.
The spell is quite dangerous to miscast (11% risk of failure)!
Continue anyway?
You miscast Spider Form.
You are very lightly contaminated with residual magic.
Nothing appears to happen.
Crazy Yiuf says, "Cards!
Tonal chair fast."
Crazy Yiuf hits you with a +2 quarterstaff of chaos!
You die...

......#........# #....<.....#
...............# #..........#
......#.......[# #........<.#
################ #..........# #
#..........# # ########
#####..##.#### # ###
###.#.P..###......##.#
#...##..#.PP......####.##.## #
#...'.####...g@.#####......## #
#)..### ##....## ##........## #
### ####..# #..........# # ##.#
#..........# # #..# #..........#
######## ###..###......[...#
.......### #......#..........#
.........## #......##........##
...<.###..####.................#


You could see Crazy Yiuf.

Vanquished Creatures
  Jessica (D:3)
  Natasha (D:3)
  Terence (D:2)
  5 adders
  2 worms (D:2)
  2 dart slugs
  3 ball pythons
  3 endoplasms
  6 hobgoblins
  3 kobolds
  2 quokkas (D:3)
  5 bats
  4 frilled lizards
  A goblin (D:1)
  6 rats
45 creatures vanquished.

Vanquished Creatures (others)
  A fungus (D:2)
1 creature vanquished.

Grand Total: 46 creatures vanquished

Notes
Turn   | Place    | Note
-------+----------+-------------------------------------------
     0 | D:1      | PyroL the Octopode Transmuter began the quest for the Orb.
     0 | D:1      | Reached XP level 1. HP: 13/13 MP: 3/3
   139 | D:1      | Reached skill level 1 in Poison Magic
   205 | D:1      | Reached XP level 2. HP: 18/18 MP: 3/5
   283 | D:1      | Learned a level 2 spell: Wereblood
  1000 | D:2      | Reached XP level 3. HP: 17/23 MP: 4/6
  1063 | D:2      | Reached skill level 3 in Transmutations
  1148 | D:2      | Reached XP level 4. HP: 27/28 MP: 5/7
  1224 | D:2      | Noticed Terence
  1422 | D:3      | Noticed Jessica
  1432 | D:3      | Killed Jessica
  1683 | D:3      | Found a transporter.
  1688 | D:3      | Noticed themarg's ghost (amateur DrTm)
  1701 | D:3      | Found a transporter.
  1722 | D:3      | Identified the +0 chain mail of the Goldsmith {rC++}
  1967 | D:3      | Reached skill level 4 in Transmutations
  1983 | D:3      | Found a faded altar of an unknown god.
  2000 | D:3      | Noticed Natasha
  2004 | D:3      | Killed Natasha
  2005 | D:3      | Reached XP level 5. HP: 32/33 MP: 8/8
  2009 | D:3      | Learned a level 3 spell: Spider Form
  2214 | D:2      | Killed Terence
  2303 | D:2      | Found a runed translucent door.
  2304 | D:2      | Noticed Crazy Yiuf
  2324 | D:2      | Slain by Crazy Yiuf

Illustrated notes

Levels and vault maps discovered:
D:1:      dpeg_arrival_arbitrary_c, layout_basic, hangedman_feature_mirror
D:2:      layout_rooms, kennysheep_flooded_box, uniq_crazy_yiuf_cottage,
          uniq_terence
D:3:      layout_loops_ring, gammafunk_ghost_stat_death,
          ebering_ecumenical_altar_petrified, uniq_natasha, uniq_jessica

Skill      XL: |  1  2  3  4 |
---------------+-------------+-----
Poison Magic   | 1 2 3 |  3.0
Transmutations | 3 4 |  4.6
Fighting       | |  1.0
Dodging        | |  2.0
Unarmed Combat | |  3.2
Spellcasting   | |  2.0

Action                   |  1- 3 |  4- 6 || total
-------------------------+-------+-------++-------
Melee: Unarmed           |    12 |    10 ||    22
       Kick              |    16 |     9 ||    25
       Constrict         |    12 |    13 ||    25
       Short sword       |    40 |    45 ||    85
       Tentacles         |     6 |    12 ||    18
       Punch             |     1 |       ||     1
 Cast: Beastly Appendage |    19 |    11 ||    30
       Wereblood         |     1 |       ||     1
       Spider Form       |       |     2 ||     2
  Use: Scroll            |     1 |       ||     1
 Stab: Sleeping          |     8 |     4 ||    12
Armor: Skin              |    13 |     5 ||    18
Dodge: Dodged            |    24 |    32 ||    56

Table legend: (Time is in decaauts)
 A = Elapsed time spent in this place.
 B = Non-inter-level travel time spent in this place.
 C = Inter-level travel time spent in this place.
 D = Time resting spent in this place.
 E = Time spent auto-exploring this place.
 F = Levels seen in this place.
 G = Mean time per level.
                   A        B        C        D        E       F      G
               +--------+--------+--------+--------+--------+-----+--------+
         Total |   2321 |   2241 |     80 |    131 |   1647 |   3 |  773.7 |
       Dungeon |   2321 |   2241 |     80 |    131 |   1647 |   3 |  773.7 |
               +--------+--------+--------+--------+--------+-----+--------+

Top non-repeatable levels by time:
     D:1: 944 daAuts
     D:3: 750 daAuts
     D:2: 626 daAuts
